 Dungeon Crawl Stone Soup version 0.18.1-50-g88ac8fd (webtiles) character file.

119 go0n the Slasher (level 4, 0/41 HPs)
             Began as a Draconian Berserker on Sept 22, 2016.
             Was a Believer of Trog.
             Slain by Ladykiller69's ghost (13 damage)
             ... on level 3 of the Dungeon.
             The game lasted 00:05:26 (2254 turns).

go0n the Slasher (Draconian Berserker)              Turns: 2254, Time: 00:05:27

Health: 0/41       AC:  5    Str: 20    XL:     4   Next: 73%
Magic:  0/4        EV: 12    Int:  8    God:    Trog [**....]
Gold:   139        SH:  0    Dex: 10    Spells: 0 memorised, 3 levels left

rFire  . . .     SeeInvis .     a - +0 falchion
rCold  + . .     Gourm    .     (armour unavailable)
rNeg   . . .     Faith    .     (no shield)
rPois  .         Spirit   +     (helmet restricted)
rElec  .         Dismiss  .     (no cloak)
rCorr  .         Reflect  .     (no gloves)
SustAt .         Harm     .     (no boots)
MR     .....                    k - amulet of guardian spirit
Stlth  +.........               (no ring)
                                d - ring of protection from cold

@: not resistant to hostile enchantments, very unstealthy
A: unfitting armour, cold-blooded, AC +5
a: Berserk, Trog's Hand, Burn Spellbooks, Renounce Religion


You were on level 3 of the Dungeon.
You worshipped Trog.
Trog was pleased with you.
You were full.

You visited 1 branch of the dungeon, and saw 3 of its levels.

You collected 139 gold pieces.

Inventory:

Hand Weapons
 a - a +0 falchion (weapon)
 o - a +0 dagger of venom
Missiles
 m - 5 needles of confusion
Jewellery
 d - a ring of protection from cold (left hand)
 k - an amulet of guardian spirit (around neck)
Scrolls
 c - 3 scrolls of remove curse {unknown}
 e - 3 scrolls of identify {unknown}
 f - 3 scrolls of recharging {unknown}
 n - 2 scrolls of teleportation {unknown}
Potions
 g - 2 potions of lignification {unknown}
 h - a potion of cure mutation {unknown}
 j - a potion of resistance {unknown}
 l - a potion of curing {unknown}
Comestibles
 b - a bread ration
 i - 2 meat rations
 p - a beef jerky
 q - 5 chunks of flesh
 r - a slice of pizza


   Skills:
 + Level 4.3 Fighting
 * Level 4.4 Long Blades
 + Level 3.1 Dodging


You had 3 spell levels left.
You didn't know any spells.

Dungeon Overview and Level Annotations

Branches:
Dungeon (3/15)

Altars:
Kikubaaqudgha

Annotations:
D:3 Ladykiller69's ghost, amateur FoFi


Innate Abilities, Weirdness & Mutations

Your plain brown scales are hard (AC +5).
Your body does not fit into most forms of armour.
You are cold-blooded and may be slowed by cold attacks.


Message History

You now have 139 gold pieces (gained 14).
You see here a robe.
You hit Ladykiller69's ghost but do no damage.
Ladykiller69's ghost wails.
Ladykiller69's ghost hits you!
You hit Ladykiller69's ghost but do no damage.
You tail-slap Ladykiller69's ghost.
Ladykiller69's ghost is lightly damaged.
Ladykiller69's ghost hits you!
You completely miss Ladykiller69's ghost.
Ladykiller69's ghost is lightly damaged.
Ladykiller69's ghost hits you!
You hit Ladykiller69's ghost.
Ladykiller69's ghost is lightly damaged.
Ladykiller69's ghost hits you but does no damage.
You barely miss Ladykiller69's ghost.
Your tail-slap misses Ladykiller69's ghost.
Ladykiller69's ghost is lightly damaged.
Ladykiller69's ghost hits you!
You die...

.#.#.#.##%..
............
.....#..##..
#...#...b.. #
#...#..##.. #. #####
#.#...)...# +.. ...#
#.#.#...#.#
#...###.#####.#..W..#.#
#....[@W......##....#.#
#...................#.#
####................#.#
..........).####...#.#
###.#..###### #...#.#
#.#... ....# ..#.###
##...# .###.# #...#
..>.#


You could see Ladykiller69's ghost.

Vanquished Creatures
  Jessica (D:2)
  3 gnolls (D:2)
  An adder (D:2)
  2 worms (D:2)
  2 orcs (D:3)
  10 bats
  8 goblins
  9 hobgoblins
  A quokka (D:2)
  A ball python (D:2)
  3 giant newts
  A kobold (D:3)
  5 rats
47 creatures vanquished.

Notes
Turn   | Place    | Note
--------------------------------------------------------------
     0 | D:1      | go0n the Draconian Berserker began the quest for the Orb.
     0 | D:1      | Reached XP level 1. HP: 19/19 MP: 1/1
   180 | D:1      | Reached XP level 2. HP: 23/26 MP: 2/2
   954 | D:2      | Reached ** piety under Trog
   990 | D:2      | Reached XP level 3. HP: 33/33 MP: 3/3
  1305 | D:2      | Noticed Jessica
  1321 | D:2      | Killed Jessica
  1321 | D:2      | Reached XP level 4. HP: 13/40 MP: 0/4
  1693 | D:2      | Found an ancient bone altar of Kikubaaqudgha.
  2235 | D:3      | Noticed Ladykiller69's ghost (amateur FoFi)
  2254 | D:3      | Slain by Ladykiller69's ghost

Skill      XL: |  1  2  3  4 |
---------------+-------------+-----
Fighting       | 4 |  4.3
Long Blades    | 4 |  4.4
Dodging        | 3 |  3.1

Action                   |  1- 3 |  4- 6 || total
-------------------------+-------+-------++-------
Melee: Falchion          |    95 |    56 ||   151
       Tailslap          |    14 |     5 ||    19
 Stab: Sleeping          |     1 |       ||     1
  Eat: Bread ration      |     1 |     1 ||     2
Armor: Skin              |    44 |    18 ||    62
Dodge: Dodged            |    84 |    35 ||   119
